 Dungeon Crawl Stone Soup version 0.20.1-1-g8b1a95d (webtiles) character file.

26702 Gargoyl the Protected (level 13, -2/114 HPs)
             Began as a Minotaur Abyssal Knight on Sept 8, 2017.
             Was a High Priest of Lugonu.
             Slain by a jumping spider (11 damage)
             ... on level 4 of the Lair of Beasts.
             The game lasted 00:32:57 (17801 turns).

Gargoyl the Protected (Minotaur Abyssal Knight)    Turns: 17801, Time: 00:32:58

Health: -2/114     AC: 23    Str: 25    XL:     13   Next: 0%
Magic:  19/19      EV: 10    Int:  9    God:    Lugonu [*****.]
Gold:   916        SH:  0    Dex: 14    Spells: 12/12 levels left

rFire    . . .     SeeInvis .   P - +3 war axe (freeze)
rCold    . . .     Gourm    .   (no shield)
rNeg     . . .     Faith    .   w - +0 plate armour
rPois    .         Spirit   .   (helmet restricted)
rElec    .         Reflect  .   i - +2 cloak
rCorr    .         Harm     .   h - +0 pair of gloves
MR       +....                  W - +0 pair of boots
Stlth    ..........             (no amulet)
Regen    0.3/turn               d - ring of protection from magic
MPRegen  0.2/turn               o - +5 ring of strength

@: no status effects
A: retaliatory headbutt, horns 2, agile 1
a: Depart the Abyss, Bend Space, Banish, Corrupt, Enter the Abyss, Renounce
Religion


You were on level 4 of the Lair of Beasts.
You worshipped Lugonu.
Lugonu was extremely pleased with you.
You were not hungry.

You visited 2 branches of the dungeon, and saw 14 of its levels.
You visited the Abyss 1 time.

You collected 916 gold pieces.

Inventory:

Hand Weapons
 y - a +1 war axe
 M - a +2 battleaxe of chopping
 O - a +4 battleaxe
 P - a +3 war axe of freezing (weapon)
Missiles
 E - 3 steel tomahawks (quivered)
Armour
 h - a +0 pair of gloves (worn)
 i - a +2 cloak (worn)
 w - a +0 plate armour (worn)
 W - a +0 pair of boots (worn)
Jewellery
 d - a ring of protection from magic (left hand)
 o - a +5 ring of strength (right hand)
 q - an uncursed ring of see invisible
 K - an uncursed ring of protection from magic
 N - an uncursed ring of ice
 X - a cursed ring of teleportation {unknown}
Wands
 k - a wand of confusion (23/48)
 r - a wand of flame (34/48)
 t - a wand of polymorph (11/24)
 u - a wand of iceblast (4/15)
 x - a wand of iceblast (10/15)
 A - a wand of acid (6/15)
 L - a wand of iceblast (8/15)
Scrolls
 g - 8 scrolls of identify
 m - 5 scrolls of remove curse
 C - 4 scrolls of teleportation
 D - a scroll of recharging
 F - a scroll of blinking
 G - a scroll of holy word {unknown}
 H - a scroll of brand weapon {unknown}
 J - a scroll of fog
 R - 2 scrolls of enchant weapon
 S - a scroll of enchant armour
 V - a scroll of magic mapping
Potions
 a - a potion of agility
 b - 5 potions of heal wounds
 e - a potion of might
 j - 3 potions of berserk rage
 n - 2 potions of mutation {unknown}
 p - 3 potions of resistance
 s - 3 potions of flight {unknown}
 v - 4 potions of curing
 B - a potion of haste
 I - a potion of invisibility {unknown}
 Q - a potion of brilliance {unknown}
Books
 T - a book of Geomancy

   Spells                             Type                      Level
   a - Sandblast                      Earth                        1
   b - Passwall                       Transmutation/Earth          2
   c - Stone Arrow                    Conjuration/Earth            3
   d - Petrify                        Transmutation/Earth          4
   e - Lee's Rapid Deconstruction     Earth                        5
Comestibles
 c - 12 bread rations
 f - 9 meat rations
 l - 8 fruits
 z - 13 royal jellies
 U - 2 chunks of flesh


   Skills:
 + Level 10.7 Fighting
 + Level 14.1 Axes
 + Level 1.7 Throwing
 * Level 14.7 Armour
 + Level 4.1 Dodging
 * Level 9.8 Invocations
 + Level 1.6 Evocations


You had 12 spell levels left.
You didn't know any spells.

Dungeon Overview and Level Annotations

Branches:
Dungeon (10/15)            Temple (0/1) D:5            Lair (4/6) D:10
 Shoals (0/4) Lair:4       Spider (0/4) Lair:4          Orc (0/2) D:10

Altars:
Dithmenos
Fedhas
Gozag
Kikubaaqudgha
Makhleb
Okawaru
Ru
Xom
Yredelemnul
The Shining One

Annotations:
D:4 2 transporters


Innate Abilities, Weirdness & Mutations

You reflexively headbutt those who attack you in melee.
You have a pair of horns on your head.
You are agile. (Dex +2)


Message History

The redback bites you but does no damage.
Unknown command.
You slash the redback! You freeze the redback.
You kill the redback!
Lugonu accepts your kill.
You have reached level 13!
* * * LOW HITPOINT WARNING * * *
You feel very sick.
You feel better.
The jumping spider leaps!
The jumping spider misses you. You furiously retaliate!
You headbutt the jumping spider, but do no damage.
The jumping spider bites you but does no damage.
The jumping spider pounces on you!
* * * LOW HITPOINT WARNING * * *
The jumping spider barely misses you.
Unknown command.
You slash the jumping spider! You freeze the jumping spider.
The jumping spider is almost dead.
The jumping spider pounces on you!
You die...

..####..<..........#......
. #####.....P##§#......
###..............
######........#
####........#
#.....s....##
##......./###
##.##.††.†.....##
#...≈.††@.......#
..>.≈...s......##
#...≈......#.>.P#
.#.##.....##....# #.
#....## ....# . #....##
....# #...## ..... ..##
....


You could see 2 jumping spiders.

Vanquished Creatures
  2 two-headed ogres
  The ghost of Cral the Archer, a novice CeAM of Okawaru (D:7)
  The ghost of letownia the Martial Artist, a journeyman OpTm of Gozag (D:10)
  A merfolk siren (Lair:4)
  A guardian serpent (D:10)
  Psyche (D:10)
  3 spiny frogs
  3 rime drakes
  4 komodo dragons
  3 merfolk (Lair:4)
  A jumping spider (Lair:4)
  A troll (D:10)
  2 hornets (D:9)
  Grinder (D:3)
  3 polar bears (Lair:4)
  12 blink frogs (Lair:2)
  2 hippogriffs
  4 redbacks (Lair:4)
  A vampire (D:9)
  21 yaks
  4 wyverns
  A basilisk (Lair:3)
  4 wargs (D:10)
  Menkaure (D:4)
  A soldier ant (D:9)
  9 water moccasins
  7 porcupines
  2 ice beasts (D:10)
  3 orc warriors
  A sky beast (D:7)
  A necrophage (D:10)
  4 centaurs
  2 phantoms
  7 ogres
  10 wolves
  8 crocodiles
  2 big kobolds
  2 gnoll sergeants (D:7)
  14 bullfrogs
  4 scorpions
  A water moccasin skeleton (D:5)
  8 killer bees
  10 wights (D:10)
  6 howler monkeys
  2 electric eels (D:10)
  5 crimson imps
  2 bullfrog skeletons (D:5)
  A bullfrog zombie (D:7)
  7 hounds
  4 jellies
  3 orc priests
  A centaur skeleton (D:10)
  A gnoll shaman (D:3)
  8 orc wizards
  2 iguanas
  9 worker ants
  A hound skeleton (D:4)
  A worker ant zombie (D:5)
  Robin (D:4)
  14 gnolls
  13 adders
  5 shadow imps
  10 oozes
  An adder skeleton (D:4)
  3 dart slugs
  5 leopard geckos
  30 orcs
  7 giant cockroaches
  12 goblins
  11 hobgoblins
  18 jackals
  3 quokkas
  4 ball pythons
  4 bats
  3 frilled lizards
  19 kobolds
  A leopard gecko skeleton (D:7)
  A quokka zombie (D:9)
  5 rats
  A spectral orc (D:3)
  A fungus (Lair:3)
399 creatures vanquished.

Vanquished Creatures (collateral kills)
  A wolf (D:10)
  An electric eel (D:10)
2 creatures vanquished.

Vanquished Creatures (others)
  3 hydras
  An unseen horror (D:10)
  A wyvern zombie (D:9)
  An orc priest (D:9)
  An orc wizard (D:9)
  An orc (D:9)
  4 fungi
  A plant (Lair:2)
  11 toadstools (D:3)
24 creatures vanquished.

Grand Total: 425 creatures vanquished

Notes
Turn   | Place    | Note
-------+----------+-------------------------------------------
     0 | Abyss:1  | Gargoyl the Minotaur Abyssal Knight began the quest for the Orb.
     0 | Abyss:1  | Reached XP level 1. HP: 19/19 MP: 1/1
    66 | Abyss:2  | Noticed a small abomination
    82 | Abyss:2  | Noticed a large abomination
    96 | Abyss:2  | Found a corrupted altar of Lugonu.
   122 | Abyss:3  | Found a corrupted altar of Lugonu.
   147 | Abyss:3  | Noticed a worldbinder
   149 | Abyss:3  | Noticed a yaktaur
   151 | D:1      | Escaped the Abyss
   355 | D:1      | Reached XP level 2. HP: 27/27 MP: 2/2
  1023 | D:2      | Reached * piety under Lugonu
  1023 | D:2      | Reached XP level 3. HP: 29/33 MP: 3/3
  1474 | D:2      | Reached XP level 4. HP: 29/41 MP: 4/4
  1935 | D:3      | Found an iron altar of Okawaru.
  1951 | D:3      | Reached XP level 5. HP: 4/47 MP: 5/5
  2290 | D:3      | Noticed Grinder
  2294 | D:3      | Found a faded altar of an unknown god.
  2788 | D:3      | Reached ** piety under Lugonu
  2887 | D:3      | Reached XP level 6. HP: 27/55 MP: 7/7
  3273 | D:3      | Found a basalt altar of Yredelemnul.
  3320 | D:3      | Found a burning altar of Makhleb.
  3446 | D:3      | Paralysed by Grinder for 4 turns
  3480 | D:3      | Killed Grinder
  3480 | D:3      | Reached skill level 5 in Fighting
  3480 | D:3      | Reached skill level 5 in Axes
  3480 | D:3      | Reached skill level 5 in Armour
  3480 | D:3      | Reached XP level 7. HP: 41/61 MP: 8/8
  3949 | D:4      | Noticed Menkaure
  3958 | D:4      | Killed Menkaure
  4099 | D:4      | Found a transporter.
  4153 | D:4      | Found a transporter.
  4185 | D:4      | Noticed Robin
  4195 | D:4      | Reached *** piety under Lugonu
  4196 | D:4      | Killed Robin
  4322 | D:4      | Found an ancient bone altar of Kikubaaqudgha.
  4671 | D:5      | Entered Level 5 of the Dungeon
  4724 | D:5      | Reached XP level 8. HP: 62/69 MP: 8/10
  4794 | D:5      | Found a staircase to the Ecumenical Temple.
  4858 | D:5      | Found a blossoming altar of Fedhas.
  4923 | D:5      | Found a sacrificial altar of Ru.
  5057 | D:5      | Found an opulent altar of Gozag.
  5876 | D:6      | Found a shadowy altar of Dithmenos.
  5911 | D:6      | Found a shimmering altar of Xom.
  5939 | D:6      | Reached **** piety under Lugonu
  5947 | D:6      | Reached skill level 1 in Evocations
  6256 | D:6      | Reached XP level 9. HP: 51/75 MP: 11/11
  6525 | D:7      | Reached skill level 5 in Invocations
  6879 | D:7      | Noticed Cral's ghost (novice CeAM)
  6908 | D:7      | Killed Cral's ghost
  7067 | D:7      | Gained mutation: You are agile. (Dex +2) [mutagenic meat]
  7236 | D:7      | Reached skill level 10 in Armour
  8081 | D:8      | Noticed a two-headed ogre
  8088 | D:8      | Killed a two-headed ogre
  8088 | D:8      | Reached skill level 10 in Axes
  8088 | D:8      | Reached XP level 10. HP: 78/86 MP: 13/13
 10012 | D:9      | Reached ***** piety under Lugonu
 10528 | D:10     | Entered Level 10 of the Dungeon
 10592 | D:10     | Noticed Psyche
 10596 | D:10     | Paralysed by Psyche for 2 turns
 10599 | D:10     | Killed Psyche
 10652 | D:10     | Noticed a two-headed ogre
 10990 | D:10     | Banished an unseen horror
 10990 | D:10     | Reached XP level 11. HP: 40/95 MP: 11/15
 11228 | D:10     | Found a staircase to the Orcish Mines.
 11813 | D:10     | Noticed letownia's ghost (journeyman OpTm)
 11841 | D:10     | Killed letownia's ghost
 11841 | D:10     | Reached skill level 1 in Throwing
 11985 | D:10     | Found a staircase to the Lair.
 12879 | D:10     | Killed a two-headed ogre
 13298 | Lair:1   | Entered Level 1 of the Lair of Beasts
 13298 | Lair:1   | Noticed a six-headed hydra
 13301 | Lair:1   | Banished a six-headed hydra
 14833 | Lair:2   | Reached XP level 12. HP: 83/106 MP: 17/17
 14864 | Lair:2   | Reached skill level 10 in Fighting
 15235 | Lair:2   | Noticed a four-headed hydra
 15238 | Lair:2   | Banished a four-headed hydra
 15258 | Lair:2   | Found a glowing golden altar of the Shining One.
 17256 | Lair:4   | Found a staircase to the Shoals.
 17258 | Lair:4   | Noticed an eight-headed hydra
 17290 | Lair:3   | Banished an eight-headed hydra
 17777 | Lair:4   | Found a hole to the Spider Nest.
 17798 | Lair:4   | Reached XP level 13. HP: 12/114 MP: 19/19
 17801 | Lair:4   | Slain by a jumping spider

Skill      XL: |  1  2  3  4  5  6  7  8  9 10 11 12 |
---------------+-------------------------------------+-----
Invocations    | 2 3 4 5 6 8 9 |  9.8
Fighting       | 4 5 6 7 8 9 10 | 10.7
Armour         | 3 4 5 6 8 10 12 13 14 | 14.7
Axes           | 3 4 5 6 8 10 11 12 14 | 14.1
Dodging        | 2 3 4 |  4.1
Evocations     | 1 |  1.6
Throwing       | 1 |  1.7

Action                   |  1- 3 |  4- 6 |  7- 9 | 10-12 | 13-15 || total
-------------------------+-------+-------+-------+-------+-------++-------
Melee: Hand axe          |    61 |   127 |   420 |       |       ||   608
       Headbutt          |     6 |    35 |    79 |   129 |       ||   249
       War axe           |       |       |     2 |   577 |     1 ||   580
Throw: Tomahawk          |       |       |       |     9 |       ||     9
Invok: Depart the Abyss  |     1 |       |       |       |       ||     1
       Banish            |       |       |       |     9 |       ||     9
       Bend Space        |       |       |       |     1 |       ||     1
Evoke: Wand              |       |       |    12 |       |       ||    12
  Use: Scroll            |     3 |     4 |     8 |    11 |       ||    26
       Potion            |     2 |       |     2 |     2 |     1 ||     7
  Eat: Chunk             |     2 |     6 |    16 |    29 |       ||    53
       Bread ration      |       |       |       |     1 |       ||     1
Armor: Ring mail         |    36 |    55 |       |       |       ||    91
       Chain mail        |       |    33 |   145 |       |       ||   178
       Plate armour      |       |       |   163 |   505 |     1 ||   669
Dodge: Dodged            |    39 |    85 |   192 |   361 |     2 ||   679
